 Dungeon Crawl Stone Soup version 0.23.1-37-gaa34b87b72 (webtiles) character file.

Game seed: 14482762467550347587

6485 Morbidden the Thrower (level 10, -9/82 HPs)
             Began as a Demonspawn Wanderer on Mar 23, 2019.
             Was a Priest of Okawaru.
             Mangled by a skeletal warrior
             ... wielding a cursed -2 mace
              (21 damage)
             ... on level 9 of the Dungeon.
             The game lasted 00:28:55 (8949 turns).

Morbidden the Thrower (Demonspawn Wanderer)         Turns: 8949, Time: 00:28:56

Health: -9/82      AC:  8    Str: 14    XL:     10   Next: 68%
Magic:  14/14      EV: 18    Int: 16    God:    Okawaru [***...]
Gold:   445        SH:  0    Dex: 20    Spells: 9/9 levels left

rFire    . . .     SeeInvis .   b - +8 long sword "Heykarch" {elec, Int+2 Dex+6}
rCold    . . .     Gourm    .   (no shield)
rNeg     . . .     Faith    .   r - +0 troll leather armour {Purgy}
rPois    +         Spirit   .   (no helmet)
rElec    .         Reflect  .   F - +0 cloak
rCorr    .         Harm     .   (no gloves)
MR       .....                  (no boots)
Stlth    +++++.....             q - amulet of the acrobat
HPRegen  0.63/turn              E - ring of stealth
MPRegen  0.14/turn              N - ring of poison resistance

@: about to teleport, heroism
A: fangs 1, talons 2, rugged brown scales 1, powered by pain 2, shaggy fur 1
a: Heroism, Renounce Religion


You were on level 9 of the Dungeon.
You worshipped Okawaru.
Okawaru was most pleased with you.
You were not hungry.

You visited 2 branches of the dungeon, and saw 10 of its levels.
You also visited: Sewer.

You collected 445 gold pieces.

Inventory:

Hand Weapons
 a - a +3 blowgun
 b - the +8 long sword "Heykarch" (weapon) {elec, Int+2 Dex+6}
   (You found it on level 7 of the Dungeon)

   Occasionally, upon striking a foe, it will discharge some electrical energy
   and cause terrible harm.
   It affects your intelligence (+2).
   It affects your dexterity (+6).
Missiles
 c - a curare-tipped needle
 k - 10 poisoned needles
 n - 5 needles of sleeping
 p - 2 tomahawks (quivered)
 J - 5 javelins
Armour
 r - a +0 troll leather armour (worn) {Purgy}
 C - a scarf of cloud immunity
 F - a +0 cloak (worn)
Jewellery
 q - an amulet of the acrobat (around neck)
 E - a ring of stealth (left hand)
 I - an uncursed ring of flight
 N - a ring of poison resistance (right hand)
Wands
 y - a wand of paralysis (11)
 D - a wand of polymorph (7)
 H - a wand of flame (34)
 O - a wand of clouds (4)
 P - a wand of iceblast (6)
Scrolls
 g - 6 scrolls of amnesia
 i - a scroll of immolation {unknown}
 j - 7 scrolls of identify
 l - 2 scrolls of fog {unknown}
 m - 11 scrolls of remove curse
 o - a scroll of fear {unknown}
 t - 7 scrolls of teleportation
 u - 3 scrolls of magic mapping {unknown}
 A - a scroll of vulnerability {unknown}
 G - 3 scrolls of noise {unknown}
 K - 2 scrolls of enchant weapon
 L - 2 scrolls of blinking {unknown}
Potions
 d - 3 potions of lignification
 e - a potion of ambrosia {unknown}
 h - a potion of mutation
 s - 2 potions of haste
 w - a potion of brilliance {unknown}
 x - 2 potions of flight
 z - 2 potions of magic {unknown}
 M - a potion of degeneration {unknown}
Comestibles
 f - 21 rations


   Skills:
 * Level 8.0(13.0) Fighting
   Level 2.2(9.9) Short Blades
 * Level 7.0(12.2) Long Blades
   Level 2.6(7.6) Bows
 + Level 8.1(13.1) Throwing
 + Level 3.4(8.4) Armour
 + Level 3.5(8.5) Dodging
 + Level 2.9(7.9) Stealth
 * Level 6.5 Invocations
 + Level 1.0 Evocations


You had 9 spell levels left.
You didn't know any spells.
Your spell library contained the following spells:

 Spells                   Type           Power        Failure   Level  Hunger
 Flame Tongue             Conj/Fire      #....        30%         1    ##.....
 Magic Dart               Conj           #...         30%         1    ##.....
 Shock                    Conj/Air       #...         30%         1    ##.....
 Blink                    Tloc           N/A          41%         2    ###....
 Call Imp                 Summ           #.......     41%         2    ###....
 Slow                     Hex            #.......     41%         2    ###....
 Swiftness                Chrm/Air       #.......     41%         2    ###....
 Throw Flame              Conj/Fire      #.....       41%         2    ###....
 Conjure Flame            Conj/Fire      #.......     65%         3    ####...
 Inner Flame              Hex/Fire       #.......     65%         3    ####...
 Mephitic Cloud           Conj/Pois/Air  #.......     65%         3    ####...
 Static Discharge         Conj/Air       #.......     65%         3    ####...
 Airstrike                Air            #.........   96%         4    #####..
 Sticky Flame             Conj/Fire      #.......     96%         4    #####..
 Fireball                 Conj/Fire      #.........   100%        5    ######.
 Lightning Bolt           Conj/Air       #.........   100%        5    ######.


Dungeon Overview and Level Annotations

Branches:
Dungeon (9/15)             Temple (1/1) D:5
   Lair: D:8-11         Orc: D:9-12

Altars:
Ashenzari
Cheibriados
Dithmenos
Elyvilon
Fedhas
Gozag
Hepliaklqana
Kikubaaqudgha
Makhleb
Nemelex Xobeh
Okawaru
Qazlal
Ru
Sif Muna
Trog
Uskayaw
Vehumet
Wu Jian
Xom
Yredelemnul
Zin
The Shining One

Shops:
D:7 [}:!

Annotations:
D:5 1 runed translucent door, Crazy Yiuf


Innate Abilities, Weirdness & Mutations

You have razor-sharp toenails.
You are partially covered in rugged brown scales. (AC +1, +3% HP)
You sometimes gain power by taking damage.
You have very sharp teeth.
You are covered in fur. (AC +1)


Message History

Okay, then.
You feel better.
The skeletal warrior hits you with a cursed -2 mace!!
* * * LOW HITPOINT WARNING * * *
You focus on the pain.
You feel your power returning.
Unknown command.
Unknown command.
Unknown command.
There is an open door, spattered with blood here.
Items here: ))) † a cursed -2 hand axe; a +0 war axe; a +0 long sword; a soldier ant corpse Unknown command.
Unknown command.
You see here 17 arrows.
Unknown command.
Unknown command.
As you read the scroll of teleportation, it crumbles to dust.
You feel strangely unstable.
The skeletal warrior hits you with a cursed -2 mace!!
You die...

#.## ##.# #..#
###.###### #####+###
#........# #.......?
#........# #.>...(..
#........### #........
#..........####...(....
#........#..@z)..(((.((
###############.<......
#########


You could see a skeletal warrior.

Vanquished Creatures
  3 skeletal warriors (D:9)
  A queen bee (D:8)
  A hippogriff (D:9)
  Sigmund (D:2)
  A wyvern (D:8)
  A hungry ghost (D:9)
  Eustachio (D:5)
  Edmund (D:5)
  Menkaure (D:5)
  A soldier ant (D:9)
  Duvessa (D:6)
  A water moccasin (D:8)
  Purgy (Sewer)
  An ice beast (D:9)
  4 phantoms
  A sky beast (D:7)
  4 centaurs
  4 ogres
  2 bullfrogs
  Dowan (D:6)
  A scorpion (D:7)
  15 killer bees (D:8)
  5 howler monkeys
  4 crimson imps
  4 hounds
  A bullfrog zombie (D:8)
  A bullfrog skeleton (D:8)
  5 orc wizards
  An orc priest (D:4)
  2 jellies
  A centaur skeleton (D:4)
  Jessica (D:2)
  2 iguanas
  2 worker ants
  A hound zombie (D:6)
  A worker ant zombie (D:5)
  9 adders
  6 gnolls
  A shadow imp (D:5)
  A white imp (D:8)
  An adder skeleton (D:6)
  2 adder zombies
  4 worms
  2 dart slugs
  10 leopard geckos
  25 orcs
  6 ball pythons
  4 bats
  6 giant cockroaches
  3 goblins
  9 hobgoblins
  10 jackals
  3 kobolds
  4 quokkas
  6 frilled lizards
  A jackal skeleton (D:7)
  A leopard gecko skeleton (D:5)
  A quokka skeleton (D:5)
  5 rats
199 creatures vanquished.

Notes
Turn   | Place    | Note
-------+----------+-------------------------------------------
     0 | D:1      | Morbidden the Demonspawn Wanderer began the quest for the
                  | Orb.
     0 | D:1      | Morbidden set off with the following items: a +2 blowgun, 4
                  | curare-tipped needles, a +0 ring mail, a potion of
                  | lignification, a ration
     0 | D:1      | Reached XP level 1. HP: 18/18 MP: 1/1
   178 | D:1      | Gained mutation: You have sharp toenails. [demonic
                  | ancestry]
   178 | D:1      | Reached XP level 2. HP: 22/24 MP: 2/2
   764 | D:2      | Reached XP level 3. HP: 26/30 MP: 3/3
   885 | D:2      | Reached skill level 1 in Armour
  1009 | D:2      | Noticed Sigmund
  1016 | D:2      | Killed Sigmund
  1016 | D:2      | Gained mutation: You sometimes gain a little power by
                  | taking damage. [demonic ancestry]
  1016 | D:2      | Reached XP level 4. HP: 34/37 MP: 2/4
  1016 | D:2      | Reached XP level 5. HP: 38/42 MP: 2/5
  1267 | D:2      | Found a white marble altar of Elyvilon.
  1497 | D:2      | Noticed Jessica
  1503 | D:2      | Killed Jessica
  1513 | D:2      | Reached XP level 6. HP: 49/49 MP: 6/6
  2896 | D:3      | Found a glowing drain.
  2908 | Sewer    | Entered a sewer
  2967 | Sewer    | Noticed Purgy
  2993 | Sewer    | Killed Purgy
  3956 | D:4      | Reached skill level 5 in Throwing
  3956 | D:4      | Gained mutation: You are partially covered in rugged brown
                  | scales. (AC +1, +3% HP) [demonic ancestry]
  3956 | D:4      | Reached XP level 7. HP: 32/56 MP: 7/7
  4507 | D:4      | Gained mutation: You are covered in fur. (AC +1) [potion of
                  | mutation]
  4507 | D:4      | Gained mutation: You have very sharp teeth. [potion of
                  | mutation]
  4518 | D:4      | Reached skill level 5 in Fighting
  4864 | D:4      | Found a faded altar of an unknown god.
  4864 | D:4      | Found a sacrificial altar of Ru.
  4869 | D:4      | Found a bloodstained altar of Trog.
  4871 | D:4      | Found a shadowy altar of Dithmenos.
  4873 | D:4      | Found a faded altar of an unknown god.
  4994 | D:5      | Entered Level 5 of the Dungeon
  4994 | D:5      | Noticed Edmund
  5112 | D:5      | Killed Edmund
  5112 | D:5      | Reached skill level 1 in Short Blades
  5112 | D:5      | Reached XP level 8. HP: 36/64 MP: 8/8
  5203 | D:5      | Noticed Menkaure
  5219 | D:5      | Killed Menkaure
  5327 | D:5      | Found a runed translucent door.
  5328 | D:5      | Noticed Crazy Yiuf
  5366 | D:5      | Noticed Eustachio
  5385 | D:5      | Killed Eustachio
  5487 | D:5      | Found a staircase to the Ecumenical Temple.
  5513 | Temple   | Entered the Ecumenical Temple
  5582 | Temple   | Became a worshipper of Warmaster Okawaru
  5980 | D:5      | Reached skill level 1 in Invocations
  6305 | D:6      | Noticed Duvessa
  6307 | D:6      | Noticed Dowan
  6321 | D:6      | Killed Dowan
  6327 | D:6      | Killed Duvessa
  6556 | D:6      | Noticed Grinder
  6573 | D:6      | Paralysed by Grinder for 6 turns
  6583 | D:6      | Paralysed by Grinder for 2 turns
  6589 | D:6      | Noticed Grinder
  6589 | D:6      | Grinder changed into Grinder the crimson imp
  6631 | D:6      | Killed Grinder the crimson imp
  6963 | D:7      | Found Abbuf's Armour Shop.
  7019 | D:7      | Got a bloodstained long sword
  7021 | D:7      | Identified the +8 long sword "Heykarch" {elec, Int+2 Dex+6}
                  | (You found it on level 7 of the Dungeon)
  7082 | D:7      | Gained mutation: You sometimes gain power by taking damage.
                  | [demonic ancestry]
  7082 | D:7      | Reached XP level 9. HP: 73/73 MP: 11/11
  7152 | D:7      | Found Uvauhydu's Book Shoppe.
  7159 | D:7      | Reached * piety under Okawaru
  7159 | D:7      | Reached skill level 1 in Long Blades
  7186 | D:7      | Found Tinarisa's Gadget Shoppe.
  7352 | D:7      | Found a white marble altar of Elyvilon.
  7352 | D:7      | Found a deep blue altar of Sif Muna.
  7353 | D:7      | Found a hide-covered altar of Uskayaw.
  7452 | D:7      | Found Noaxt's Distillery.
  7790 | D:8      | Found a radiant altar of Vehumet.
  7792 | D:8      | Found a snail-covered altar of Cheibriados.
  7792 | D:8      | Found a blossoming altar of Fedhas.
  8092 | D:8      | Reached ** piety under Okawaru
  8119 | D:8      | Noticed a queen bee
  8126 | D:8      | Killed a queen bee
  8126 | D:8      | Reached skill level 5 in Long Blades
  8126 | D:8      | Reached skill level 5 in Invocations
  8128 | D:8      | Found a stormy altar of Qazlal.
  8147 | D:8      | Gained mutation: You have razor-sharp toenails. [demonic
                  | ancestry]
  8147 | D:8      | Reached XP level 10. HP: 29/81 MP: 13/13
  8309 | D:8      | Found a glowing silver altar of Zin.
  8309 | D:8      | Found a glowing golden altar of the Shining One.
  8767 | D:9      | Reached *** piety under Okawaru
  8805 | D:9      | Noticed a skeletal warrior
  8805 | D:9      | Noticed a skeletal warrior
  8805 | D:9      | Noticed a skeletal warrior
  8820 | D:9      | Killed a skeletal warrior
  8830 | D:9      | Killed a skeletal warrior
  8830 | D:9      | Received a gift from Okawaru
  8845 | D:9      | Killed a skeletal warrior
  8847 | D:9      | Noticed a skeletal warrior
  8949 | D:9      | Mangled by a skeletal warrior

Skill      XL: |  1  2  3  4  5  6  7  8  9 10 |
---------------+-------------------------------+-----
Armour         | 1 2 3 |  3.4
Throwing       | 3 4 5 6 7 8 |  8.1
Fighting       | 4 5 6 7 8 |  8.0
Short Blades   | 1 2 |  2.2
Dodging        | 2 3 |  3.5
Invocations    | 3 5 6 |  6.5
Long Blades    | 5 7 |  7.0
Stealth        | 2 |  2.9
Bows           | |  2.6
Evocations     | |  1.0

Action                   |  1- 3 |  4- 6 |  7- 9 | 10-12 || total
-------------------------+-------+-------+-------+-------++-------
Melee: Unarmed           |    50 |       |       |       ||    50
       Kick              |     7 |    16 |    92 |    33 ||   148
       Dagger            |       |    88 |   235 |       ||   323
       Bite              |       |       |    30 |    14 ||    44
       Long sword        |       |       |    93 |    80 ||   173
 Fire: Blowgun           |    48 |   160 |   179 |     2 ||   389
Throw: Javelin           |       |       |     4 |       ||     4
       Tomahawk          |       |       |     2 |     7 ||     9
Invok: Heroism           |       |       |     1 |     3 ||     4
Evoke: Wand              |       |       |     1 |       ||     1
  Use: Scroll            |     1 |     2 |     3 |     1 ||     7
       Potion            |       |       |     6 |     6 ||    12
 Stab: Sleeping          |       |       |     4 |     3 ||     7
       Distracted        |       |       |     1 |       ||     1
  Eat: Chunk             |       |     8 |    11 |     1 ||    20
       Ration            |       |       |     1 |     1 ||     2
Armor: Ring mail         |    31 |    15 |       |       ||    46
       Troll leather arm |       |    10 |    66 |    11 ||    87
       Skin              |       |       |    21 |       ||    21
Dodge: Dodged            |    34 |    80 |   198 |    41 ||   353
       Rpst.: Long sword |       |       |    34 |    10 ||    44
